[Event "Berlin Championship 2024"]
[Site "Berlin"]
[Date "2024.03.31"]
[Round "1.1"]
[White "Nogly, Christoph"]
[Black "Baldauf, Marco"]
[Result "1/2-1/2"]
[ECO "E04"]
[WhiteElo "2228"]
[BlackElo "2481"]
[Annotator "RC"]
[PlyCount "90"]
[EventDate "2024.03.30"]
[EventType "swiss"]
[EventCountry "GER"]
[SourceTitle "playchess.com"]
[Source "ChessBase"]
[SourceQuality "1"]
[TimeControl "40/5400+30:1800+30"]

1. d4 d5 2. c4 e6 3. Nf3 Nf6 4. g3 dxc4 5. Bg2 a6 6. O-O Nc6 7. e3 Rb8 8. Qe2 b5 9. b3 cxb3 10. axb3 Bb7 11. Bd2 Bd6 12. Rc1 O-O 13. Ne1 Qe8 14. Nd3 e5 15. dxe5 Nxe5 16. Bxb7 Rxb7 17. Nxe5 Qxe5 18. Bc3 Qe6 19. Bxf6 Qxf6 20. Rxa6 Qf5 21. Qc2 Qg4 22. Qc6 Rbb8 23. Nc3 Qb4 24. Ne4 Rbd8 25. Nxd6 Rxd6 26. Qb7 Rxa6 27. Qxa6 Qxb3 28. Rxc7 g6 29. h4 Qd1+ 30. Kg2 Qd5+ 31. Kg1 Ra8 32. Rc8+ Rxc8 33. Qxc8+ Kg7 34. Qc3+ f6 35. Qc7+ Qf7 36. Qc5 Qb7 37. Qb4 Kf7 38. Qb3+ Ke7 39. Qg8 Kd6 40. Qd8+ Ke6 41. Qe8+ Kf5 42. e4+ Qxe4 43. Qxb5+ Kg4 44. Qf1 f5 45. Kh2 Kh5 1/2-1/2

[Event "Berlin Championship 2024"]
[Site "Berlin"]
[Date "2024.03.31"]
[Round "1.2"]
[White "Schmidek, Emil"]
[Black "Noeldner, Julian"]
[Result "1-0"]
[ECO "D70"]
[WhiteElo "2439"]
[BlackElo "2179"]
[Annotator "TA"]
[PlyCount "81"]
[EventDate "2024.03.30"]
[EventType "swiss"]
[EventCountry "GER"]
[SourceTitle "playchess.com"]
[Source "ChessBase"]
[SourceQuality "1"]
[TimeControl "40/5400+30:1800+30"]

1. d4 Nf6 2. c4 g6 3. f3 d5 4. cxd5 Nxd5 5. e4 Nb6 6. Be3 Bg7 7. Nc3 O-O 8. Qd2 e5 9. d5 c6 10. h4 cxd5 11. exd5 N8d7 {[%emt 0:00:11] White has an edge.} 12. O-O-O ({Better is} 12. h5 $14) 12... Nf6 $11 13. g4 {[%emt 0:19:35] [#]} e4 $1 14. g5 (14. Nxe4 $2 {is the wrong capture.} Nxe4 (14... Nbxd5 15. Nxf6+ Qxf6 16. Bd4 $17) (14... Nfxd5 15. Bd4 $15) 15. fxe4 Bxg4 $19) 14... Nh5 {[%emt 0:01:44] aiming for ...Ng3.} 15. Bd4 $1 (15. fxe4 $2 Ng3 16. Rh2 Bxc3 17. Qxc3 Nxe4 $17) 15... Bxd4 16. Qxd4 exf3 17. Nxf3 Bf5 18. Bd3 (18. d6 {is interesting.} Rc8 19. Ne5 Ng3 20. Rg1) 18... Bxd3 19. Rxd3 {[%emt 0:00:51] Threatening d6.} Rc8 20. Ne5 {[%emt 0:04:14] Inhibits Rc4. With the idea d6.} Qd6 {[%emt 0:04:22] [#]} (20... f6 $1 $11 {remains equal.} 21. gxf6 Qxf6) 21. Kb1 $1 $16 {[%emt 0:03:24] White is more active.} Nd7 $2 {[%emt 0:06:24] A mistake that costs the game.} (21... f5 $16 {keeps fighting.}) 22. Nxd7 $18 Qxd7 23. d6 $40 {[%emt 0:03:35][%cal Oc3d5,Bd5d6,Bd6d7][%mdl 160] White has strong attack.} (23. Qxa7 Qf5 24. Qd4 Nf4 $11) 23... Qc6 24. Rdd1 {[%emt 0:04:08][%cal Oc3d5] Hoping for Nd5!} Qc5 25. d7 Qxd4 26. Rxd4 Rcd8 27. Ne4 b6 28. Nf6+ Nxf6 29. gxf6 {[%emt 0:00:07][%mdl 4096] Endgame. KRR-KRR} Rb8 30. Rc1 {[%emt 0:01:50] White threatens Rdc4 and mate.} h6 31. Rc7 a5 (31... Kh7 {might work better.} 32. a4 (32. Rxa7 Rbd8 $18) 32... a6) 32. Kc2 {[%emt 0:00:52] White is clearly winning.} Kh7 33. Kd3 g5 34. h5 Rfd8 35. Kc4 Rg8 36. Rg4 b5+ 37. Kc5 b4 38. Kc6 {[%emt 0:01:00] And now Kd6 would win.} Ra8 39. Kb6 a4 40. Ra7 {[%emt 0:01:07] Intending Rxa8 and mate.} Rab8+ 41. Kc7 {[%emt 0:02:23] Weighted Error Value: White=0.08 (flawless) /Black=0.43.  Mistake:       	White=1     	Black=3      Inaccurate:     	White=1     	Black=4      OK:         	White=12    	Black=8      Best:        	White=1     	---        Strong:       	White=2     	---} 1-0

[Event "Berlin Championship 2024"]
[Site "Berlin"]
[Date "2024.03.31"]
[Round "1.3"]
[White "Noetzel, Felix"]
[Black "Lagunow, Raphael"]
[Result "0-1"]
[ECO "B33"]
[WhiteElo "2172"]
[BlackElo "2421"]
[Annotator "RC"]
[PlyCount "74"]
[EventDate "2024.03.30"]
[EventType "swiss"]
[EventCountry "GER"]
[SourceTitle "playchess.com"]
[Source "ChessBase"]
[SourceQuality "1"]
[TimeControl "40/5400+30:1800+30"]

1. e4 c5 2. Nf3 Nc6 3. d4 cxd4 4. Nxd4 Nf6 5. Nc3 e5 6. Ndb5 d6 7. Bg5 a6 8. Na3 b5 9. Nd5 Be7 10. Bxf6 Bxf6 11. c3 Ne7 12. Nxf6+ gxf6 13. c4 Bb7 14. cxb5 Bxe4 15. Qa4 d5 16. bxa6+ Kf8 17. f3 Bf5 18. Qb4 Kg7 19. Rc1 d4 20. Bb5 Nd5 21. Qd2 Nc7 22. Bc4 Nxa6 23. O-O Qb6 24. Bd5 Rac8 25. Nc4 Qb4 26. Qxb4 Nxb4 27. Nd6 Nxd5 28. Nxf5+ Kg6 29. g4 Kg5 30. Nd6 Rxc1 31. Rxc1 Kf4 32. Kf2 h5 33. Rg1 Ne3 34. g5 fxg5 35. Nxf7 Rc8 36. Rxg5 Rc2+ 37. Ke1 d3 0-1

[Event "Berlin Championship 2024"]
[Site "Berlin"]
[Date "2024.03.31"]
[Round "1.4"]
[White "Polzin, Rainer"]
[Black "Brustkern, Juergen"]
[Result "1-0"]
[ECO "C73"]
[WhiteElo "2401"]
[BlackElo "2153"]
[Annotator "TA"]
[PlyCount "69"]
[EventDate "2024.03.30"]
[EventType "swiss"]
[EventCountry "GER"]
[SourceTitle "playchess.com"]
[Source "ChessBase"]
[SourceQuality "1"]
[TimeControl "40/5400+30:1800+30"]

1. e4 e5 2. Nf3 Nc6 3. Bb5 a6 4. Ba4 d6 5. Bxc6+ bxc6 6. d4 f6 7. h3 g6 8. Be3 Nh6 9. dxe5 fxe5 {[%emt 0:00:30] White is slightly better.} 10. Qd2 Nf7 11. Nc3 Bg7 12. Ng5 Qe7 13. h4 Nd8 14. Nf3 h6 15. Ng1 Rb8 16. O-O-O Qf7 17. Nge2 Ne6 18. Rdf1 c5 19. f4 (19. b3 $5) 19... exf4 20. Nxf4 O-O 21. Rf2 {[%emt 0:00:30][%cal Of4h5] Black must now prevent Nh5!} Qe8 22. Rhf1 Nxf4 23. Bxf4 Kh7 24. Qd3 Bg4 25. Bd2 {[%emt 0:00:30] Threatens to win with Rxf8.} Rxf2 26. Rxf2 a5 27. b3 Rb4 28. Qa6 {[%emt 0:00:30] [#]} a4 $1 29. Qa7 axb3 30. axb3 Qd7 (30... Be6 {is more complex.} 31. Qxc7 Qa8 32. Kb2 c4) 31. Nd5 Rxe4 {[%emt 0:00:30] aiming for ...Qe6.} 32. Nf6+ Bxf6 33. Rxf6 Qe7 34. Bc3 {[%emt 0:00:30] [#]} (34. Rf2 $15) 34... Re3 $1 $17 35. Qa5 {[%emt 0:00:30][%mdl 32768] Weighted Error Value: White=0.15 (very precise) /Black=0.06 (flawless) .  Mistake:       	White=1     	---        Inaccurate:     	White=2     	Black=3      OK:         	White=7     	Black=12     Best:        	White=1     	Black=2      Strong:       	---       	Black=1     . Loss on time!?} 1-0

[Event "Berlin Championship 2024"]
[Site "Berlin"]
[Date "2024.03.31"]
[Round "1.5"]
[White "Petersen, Marcel"]
[Black "Poltorak, Sebastian"]
[Result "1/2-1/2"]
[ECO "B40"]
[WhiteElo "2133"]
[BlackElo "2392"]
[Annotator "RC"]
[PlyCount "80"]
[EventDate "2024.03.30"]
[EventType "swiss"]
[EventCountry "GER"]
[SourceTitle "playchess.com"]
[Source "ChessBase"]
[SourceQuality "1"]
[TimeControl "40/5400+30:1800+30"]

1. e4 c5 2. Nf3 e6 3. g3 Nc6 4. Bg2 Nf6 5. Qe2 e5 6. O-O Be7 7. c3 d6 8. h3 O-O 9. Rd1 Qb6 10. Na3 Ne8 11. d4 cxd4 12. cxd4 exd4 13. Nc4 Qa6 14. Nxd4 Nxd4 15. Rxd4 Be6 16. Bf1 Rc8 17. Ne3 Qxe2 18. Bxe2 Nf6 19. b3 Bd8 20. Bf3 Bxh3 21. Rxd6 Bc7 22. Rd1 Rfe8 23. Nd5 Nxd5 24. Rxd5 f5 25. Bb2 fxe4 26. Bg2 Bxg2 27. Kxg2 Bb6 28. Rc1 Rxc1 29. Bxc1 Rc8 30. Be3 Bxe3 31. fxe3 Rc7 32. Kh3 Kf7 33. Kg4 g6 34. Kf4 Re7 35. g4 h6 36. Rd6 Kg7 37. a4 Kf7 38. a5 a6 39. Rb6 Kg7 40. Rd6 Kf7 1/2-1/2

[Event "Berlin Championship 2024"]
[Site "Berlin"]
[Date "2024.03.31"]
[Round "1.6"]
[White "Thiede, Lars"]
[Black "Syre, Christian"]
[Result "1/2-1/2"]
[ECO "A26"]
[WhiteElo "2388"]
[BlackElo "2128"]
[Annotator "RC"]
[PlyCount "84"]
[EventDate "2024.03.30"]
[EventType "swiss"]
[EventCountry "GER"]
[SourceTitle "playchess.com"]
[Source "ChessBase"]
[SourceQuality "1"]
[TimeControl "40/5400+30:1800+30"]

1. c4 g6 2. g3 Bg7 3. Bg2 e5 4. Nc3 Nc6 5. Nf3 d6 6. O-O Nge7 7. d3 O-O 8. Rb1 a5 9. a3 Nd4 10. b4 axb4 11. axb4 c6 12. Bb2 Bg4 13. Nxd4 exd4 14. Ne4 d5 15. Nc5 b6 16. Nb3 dxc4 17. dxc4 Ra2 18. Nc1 Ra7 19. Nd3 Qd7 20. Re1 Rd8 21. Qc2 Qc7 22. Bc1 h6 23. Bf4 Qc8 24. Ra1 Qa8 25. Qb2 Rxa1 26. Rxa1 Qc8 27. Kf1 Qe6 28. Qc2 Re8 29. Ra2 g5 30. Bc7 Nc8 31. c5 b5 32. Bb8 Qd7 33. Qc1 Be6 34. Ra6 Bd5 35. Bxd5 Qxd5 36. f3 Ne7 37. Bd6 Nf5 38. Kf2 Ne3 39. g4 h5 40. h3 hxg4 41. hxg4 Nc4 42. Bg3 Qe6 1/2-1/2

[Event "Berlin Championship 2024"]
[Site "Berlin"]
[Date "2024.03.31"]
[Round "1.7"]
[White "Offermann, Fernando"]
[Black "Lagunow, Alexander"]
[Result "0-1"]
[ECO "E45"]
[WhiteElo "2082"]
[BlackElo "2350"]
[Annotator "RC"]
[PlyCount "73"]
[EventDate "2024.03.30"]
[EventType "swiss"]
[EventCountry "GER"]
[SourceTitle "playchess.com"]
[Source "ChessBase"]
[SourceQuality "1"]
[TimeControl "40/5400+30:1800+30"]

1. d4 Nf6 2. c4 e6 3. Nc3 Bb4 4. e3 b6 5. Nge2 Ba6 6. a3 Be7 7. b3 d5 8. cxd5 Nxd5 9. Nxd5 Qxd5 10. Nf4 Qb7 11. Bxa6 Qxa6 12. Qd3 Bd6 13. O-O Bxf4 14. Qe4 Bxh2+ 15. Kxh2 Qxf1 16. Qxa8 O-O 17. Qxa7 Nd7 18. Qxc7 Nf6 19. f3 Nd5 20. Qc2 Nxe3 21. Qd2 Nd5 22. Bb2 Qb5 23. b4 Rc8 24. Rc1 Rxc1 25. Qxc1 h6 26. Qd2 Qc4 27. Kg1 b5 28. Kf2 Kf8 29. Ke1 Ke7 30. Kf2 f6 31. Ke1 Nb6 32. Qe2 Qxe2+ 33. Kxe2 h5 34. Kd3 Kd6 35. Kc3 Kd5 36. Kb3 Na4 37. Bc1 0-1

[Event "Berlin Championship 2024"]
[Site "Berlin"]
[Date "2024.03.31"]
[Round "1.8"]
[White "Florstedt, Johannes"]
[Black "Gelman, Josef"]
[Result "1-0"]
[ECO "B12"]
[WhiteElo "2348"]
[BlackElo "2072"]
[Annotator "RC"]
[PlyCount "57"]
[EventDate "2024.03.30"]
[EventType "swiss"]
[EventCountry "GER"]
[SourceTitle "playchess.com"]
[Source "ChessBase"]
[SourceQuality "1"]
[TimeControl "40/5400+30:1800+30"]

1. e4 c6 2. d4 d5 3. e5 Bf5 4. h4 h5 5. Bd3 Bxd3 6. Qxd3 e6 7. Bg5 Qa5+ 8. Nd2 Qa6 9. c4 dxc4 10. Nxc4 Bb4+ 11. Kf1 b5 12. Ne3 Nd7 13. a3 Be7 14. Rc1 Rd8 15. Nf3 Bxg5 16. hxg5 Ne7 17. g4 h4 18. Rxh4 Rxh4 19. Nxh4 Nxe5 20. Qe4 b4+ 21. Kg2 Nd3 22. Rh1 Nxb2 23. Nf3 Ng6 24. Ne5 Nxe5 25. Qxe5 Nd3 26. Qc7 Rd7 27. Rh8+ Ke7 28. Qb8 Nf4+ 29. Kh2 1-0

[Event "Berlin Championship 2024"]
[Site "Berlin"]
[Date "2024.03.31"]
[Round "2.1"]
[White "Hesse, Henrik"]
[Black "Schmidek, Emil"]
[Result "1/2-1/2"]
[ECO "A13"]
[WhiteElo "2312"]
[BlackElo "2439"]
[Annotator "TA"]
[PlyCount "110"]
[EventDate "2024.03.30"]
[EventType "swiss"]
[EventCountry "GER"]
[SourceTitle "playchess.com"]
[Source "ChessBase"]
[SourceQuality "1"]
[TimeControl "40/5400+30:1800+30"]

1. c4 e6 2. g3 d5 3. Bg2 d4 4. Nf3 c5 5. e3 Nc6 6. exd4 cxd4 7. d3 Nf6 8. O-O Bd6 {[%emt 0:00:13] A13: English Opening: 1...e6.} 9. Na3 O-O 10. Nc2 e5 11. b4 Re8 {[%emt 0:00:11] 11...a6 is not played anymore.} 12. Re1 a6 13. Bg5 Bf5 14. Nh4 Bd7 15. Rb1 h6 16. Bxf6 Qxf6 17. a4 Nd8 $146 ({Predecessor:} 17... a5 18. b5 Nd8 19. Qf3 Qxf3 20. Nxf3 Rc8 21. Nd2 b6 22. f4 exf4 23. Rxe8+ Bxe8 {½-½ Shevchenko,K (2661)-Sankalp,G (2485) Elllobregat op 3rd 2022 (7)}) 18. c5 Bf8 19. Na3 Bc6 (19... a5 $14) 20. Nc4 $16 Bxg2 21. Kxg2 a5 22. Nxa5 Bxc5 23. Nc4 $1 Bd6 {[%emt 0:04:56] [#]} 24. Nf5 (24. Qf3 $142 $1 {[%mdl 512] Qxf6 would now be deadly.} Qe6 (24... Qxf3+ 25. Nxf3) 25. Nf5) 24... Bf8 $16 25. Nxd4 Nc6 {[%emt 0:02:18] [#]} 26. Nxc6 (26. Nf3 $1 $16) 26... Qxc6+ $11 27. Qf3 Qxf3+ 28. Kxf3 Rxa4 29. Rxe5 Rxe5 30. Nxe5 f6 31. Nd7 Rxb4 32. Rxb4 Bxb4 33. Ke4 Kf7 34. Kd5 Ke7 35. Nb6 h5 36. f3 g6 37. d4 g5 38. h3 g4 39. hxg4 hxg4 40. fxg4 Be1 41. Nc8+ Kf7 $1 42. Nd6+ Kg6 $1 43. Nxb7 Kg5 44. Ke6 Bxg3 45. d5 Kxg4 46. Kxf6 Kf3 47. Ke6 Bh2 48. Nd6 Ke3 49. Nc4+ Kd4 50. Nd2 Bb8 51. Nb3+ Ke4 52. Nc5+ Kd4 53. Nd7 Bh2 54. Nf6 Bb8 55. Nd7 Bh2 1/2-1/2

[Event "Berlin Championship 2024"]
[Site "Berlin"]
[Date "2024.03.31"]
[Round "2.2"]
[White "Lagunow, Raphael"]
[Black "Eilenberg, Jonas"]
[Result "1-0"]
[ECO "E24"]
[WhiteElo "2421"]
[BlackElo "2303"]
[Annotator "TA"]
[PlyCount "89"]
[EventDate "2024.03.30"]
[EventType "swiss"]
[EventCountry "GER"]
[SourceTitle "playchess.com"]
[Source "ChessBase"]
[SourceQuality "1"]
[TimeControl "40/5400+30:1800+30"]

1. d4 d5 2. c4 e6 3. Nc3 Bb4 4. a3 Bxc3+ 5. bxc3 Nf6 6. cxd5 exd5 7. Bg5 c5 8. dxc5 Nc6 9. Nf3 {[%emt 0:00:22] White has an edge.} Qa5 {[%emt 0:02:11] Prevents Qa4.} ({Black should try} 9... h6 $11 10. Bxf6 Qxf6) 10. Bxf6 $14 gxf6 11. Qd2 Qxc5 12. Nd4 Be6 13. g3 Rc8 14. Bg2 Ne5 15. O-O O-O 16. Rfc1 (16. Qh6 $16) 16... Rfd8 17. a4 b6 (17... Kg7 $142) 18. h3 ({White should play} 18. a5 $16) 18... Qf8 {[%emt 0:07:06] Inhibits Qh6.} (18... Kg7 $14) 19. Qf4 $16 Qg7 20. a5 Qg5 21. axb6 axb6 22. Ra6 Rd6 23. Rb1 Qxf4 24. gxf4 Nc4 25. Rb5 f5 26. e3 Kg7 27. Bf1 {[%emt 0:03:51] White is much more active.} Nd2 28. Bd3 Rxc3 29. Bxf5 Nc4 (29... Nf3+ $16 {keeps fighting.} 30. Nxf3 Bxf5 31. Rbxb6 (31. Raxb6 Rxb6 32. Rxb6 Bxh3 $16) 31... Rxb6 32. Rxb6 Bxh3) 30. Ra7 $18 Kg8 (30... Kf6 $142 31. Bxe6 (31. Bxh7 Bxh3 32. Rb1 Ra3 $16) 31... fxe6 32. Rxh7 e5 33. fxe5+ Kxe5 34. Rh5+ Ke4) 31. Nxe6 fxe6 32. Bxh7+ Kh8 33. Re7 Na3 34. Rb4 b5 {[%emt 0:01:05] Prevents Ra4} (34... d4 35. exd4 Rxh3) 35. f5 d4 36. f6 {[%emt 0:01:07] Re8+ would kill now.} (36. exd4 exf5 37. d5 (37. Bxf5 Rf6 $18) 37... Rxh3 $18) 36... e5 37. exd4 exd4 {[%emt 0:00:17] [#]} (37... e4 $18 38. Re8+ (38. Bxe4 Rxf6 39. f3 Rh6 $18) 38... Kxh7) 38. Rxd4 $3 {[%emt 0:02:48][%mdl 512] White mates.} Rxd4 (38... Rc1+ 39. Kg2) 39. Bg6 Rc8 40. Rh7+ Kg8 41. f7+ Kf8 42. Rh8+ Kg7 43. Rxc8 Rf4 44. Rg8+ Kh6 {[%emt 0:00:00] [#]} 45. h4 $1 {[%emt 0:00:00] Weighted Error Value: White=0.15 (very precise) /Black=0.43.  Mistake:       	White=2     	Black=7      Inaccurate:     	White=1     	Black=4      OK:         	White=16    	Black=8      Best:        	White=1     	---        Brilliant:      	White=1     	---} 1-0

[Event "Berlin Championship 2024"]
[Site "Berlin"]
[Date "2024.03.31"]
[Round "2.3"]
[White "Dubessay, Bastien"]
[Black "Polzin, Rainer"]
[Result "0-1"]
[ECO "E71"]
[WhiteElo "2255"]
[BlackElo "2401"]
[Annotator "RC"]
[PlyCount "144"]
[EventDate "2024.03.30"]
[EventType "swiss"]
[EventCountry "GER"]
[SourceTitle "playchess.com"]
[Source "ChessBase"]
[SourceQuality "1"]
[TimeControl "40/5400+30:1800+30"]

1. d4 Nf6 2. c4 g6 3. Nc3 Bg7 4. e4 d6 5. h3 O-O 6. Be3 Na6 7. g4 c5 8. Nge2 cxd4 9. Nxd4 Bd7 10. Bg2 Rc8 11. Qe2 Nc5 12. O-O h5 13. f3 hxg4 14. hxg4 e5 15. Nb3 Ne6 16. Rfd1 Nf4 17. Qf2 Be6 18. c5 d5 19. Bxf4 exf4 20. Rd2 Rc7 21. Bf1 Rd7 22. Bb5 dxe4 23. Bxd7 e3 24. Qe2 Nxd7 25. Rdd1 Qh4 26. Qh2 Ne5 27. Nd4 Qxh2+ 28. Kxh2 Rc8 29. Kg2 Rxc5 30. Nxe6 fxe6 31. Rd8+ Kf7 32. Rad1 Bf6 33. Rb8 Rc7 34. Nb5 Rc2+ 35. Kh3 e2 36. Nd6+ Kg7 37. Ne8+ Kf7 38. Nd6+ Kg7 39. Ne8+ Kh6 40. g5+ Bxg5 41. Rh1 Nxf3 42. Kg4+ Bh4 43. Kxf3 e1=Q 44. Rxe1 Bxe1 45. Rxb7 g5 46. Nf6 Rf2+ 47. Kg4 Kg6 48. Ne4 Re2 49. Nxg5 Rg2+ 50. Kxf4 Rxg5 51. Rxa7 Ra5 52. Rb7 Rxa2 53. Ke5 Ra6 54. Rb3 Kf7 55. Rb7+ Ke8 56. Rb8+ Kd7 57. Rb7+ Kd8 58. Rb8+ Kc7 59. Rg8 Ba5 60. Rg7+ Kc8 61. Rg8+ Kb7 62. Rg2 Bc7+ 63. Kf6 e5+ 64. Kf5 Ra4 65. Re2 Rd4 66. Ke6 Kb6 67. Rc2 Bd6 68. Kf5 Kb5 69. Ke6 Kb4 70. Re2 Kb3 71. Rg2 Bb8 72. Rg8 Rb4 0-1

[Event "Berlin Championship 2024"]
[Site "Berlin"]
[Date "2024.03.31"]
[Round "2.4"]
[White "Lagunow, Alexander"]
[Black "Verbitsky, Jaroslaw"]
[Result "1-0"]
[ECO "A11"]
[WhiteElo "2350"]
[BlackElo "1992"]
[Annotator "RC"]
[PlyCount "49"]
[EventDate "2024.03.30"]
[EventType "swiss"]
[EventCountry "GER"]
[SourceTitle "playchess.com"]
[Source "ChessBase"]
[SourceQuality "1"]
[TimeControl "40/5400+30:1800+30"]

1. Nf3 d5 2. g3 c6 3. Bg2 Bg4 4. c4 e6 5. cxd5 exd5 6. O-O Nf6 7. d3 Be7 8. h3 Bxf3 9. Bxf3 d4 10. Qa4 O-O 11. Nd2 Bc5 12. b4 b5 13. Qb3 Be7 14. a4 a5 15. axb5 Bxb4 16. bxc6 Ra6 17. Qc4 Qb6 18. c7 Nc6 19. Ba3 Rc8 20. Bxc6 Rxc7 21. Bxb4 Rxc6 22. Bxa5 Qa7 23. Qb3 Nd7 24. Nc4 Nc5 25. Qb2 1-0

[Event "Berlin Championship 2024"]
[Site "Berlin"]
[Date "2024.03.31"]
[Round "2.5"]
[White "Foerster, Jonas"]
[Black "Florstedt, Johannes"]
[Result "1/2-1/2"]
[ECO "D76"]
[WhiteElo "2238"]
[BlackElo "2348"]
[Annotator "RC"]
[PlyCount "95"]
[EventDate "2024.03.30"]
[EventType "swiss"]
[EventCountry "GER"]
[SourceTitle "playchess.com"]
[Source "ChessBase"]
[SourceQuality "1"]
[TimeControl "40/5400+30:1800+30"]

1. d4 Nf6 2. c4 g6 3. Nf3 Bg7 4. g3 d5 5. cxd5 Nxd5 6. Bg2 O-O 7. O-O Nb6 8. Nc3 Nc6 9. e3 Re8 10. Ne1 e5 11. d5 Na5 12. e4 c6 13. Be3 Nac4 14. Bxb6 Nxb6 15. dxc6 bxc6 16. Qxd8 Rxd8 17. Nf3 f6 18. Rfc1 Bh6 19. Rc2 Bg4 20. h3 Be6 21. b3 Rd6 22. g4 Rad8 23. Bf1 a5 24. Be2 Kf7 25. Rd1 Bf4 26. Rxd6 Rxd6 27. Nd1 f5 28. exf5 gxf5 29. Ne3 fxg4 30. Nxg4 Nd7 31. Bc4 Rd1+ 32. Kg2 Bd5 33. Ne3 Bxe3 34. fxe3 Kf6 35. Kg3 Kf5 36. Be2 Ra1 37. Bd3+ e4 38. Nd4+ Ke5 39. Be2 c5 40. Nb5 a4 41. bxa4 Bxa2 42. Bg4 Be6 43. Bxe6 Kxe6 44. Nc3 Nf6 45. Ra2 Rxa2 46. Nxa2 Nd5 47. a5 c4 48. a6 1/2-1/2

[Event "Berlin Championship 2024"]
[Site "Berlin"]
[Date "2024.03.31"]
[Round "2.6"]
[White "Baldauf, Marco"]
[Black "Petersen, Marcel"]
[Result "1-0"]
[ECO "D34"]
[WhiteElo "2481"]
[BlackElo "2133"]
[Annotator "TA"]
[PlyCount "161"]
[EventDate "2024.03.30"]
[EventType "swiss"]
[EventCountry "GER"]
[SourceTitle "playchess.com"]
[Source "ChessBase"]
[SourceQuality "1"]
[TimeControl "40/5400+30:1800+30"]

1. Nf3 Nf6 2. c4 c5 3. g3 Nc6 4. Bg2 e6 5. O-O Be7 6. d4 cxd4 7. Nxd4 O-O 8. Nc3 d5 9. cxd5 exd5 10. Be3 Be6 11. Qa4 Qd7 12. Rfd1 Rfd8 13. Nb3 {[%emt 0:18:40] White is slightly better.} Rac8 14. Nc5 {[%emt 0:05:59] White is much more active.} (14. Bxa7 $2 {loses.} Ra8 15. a3 Rxa7 $19 (15... Nxa7 $2 16. Qxd7 Bxd7 17. Bxd5 $19)) 14... Bxc5 15. Bxc5 b6 16. Be3 {[%emt 0:02:07] This pair of bishops is nice.} Na5 17. Qh4 (17. Qxd7 {simplifies} Rxd7 18. Nb5 Nc4 19. Rac1) 17... Rc4 $1 18. Rd4 Ng4 19. Rxc4 Nxc4 20. Bd4 f6 $1 (20... Nxb2 21. h3 Nh6 22. Qg5) 21. h3 Nge5 22. b3 Ng6 23. Qh5 Nce5 ({Black should play} 23... Na5 $14) 24. e3 (24. Rd1 $16) 24... Nc6 25. Rd1 Nge7 26. g4 (26. Nb5 $14) 26... Bf7 27. Qh4 Nxd4 28. Rxd4 Qc7 (28... Rc8 $1 $15 29. Ne2 Rc2) 29. Ne2 $11 Qc2 30. Bf1 Qxa2 (30... h6 {simplifies} 31. Qg3 a5 32. Ra4 Ng6) 31. Ra4 Qxb3 32. Rxa7 Nc6 33. Rc7 Ne5 34. Nd4 {[%emt 0:00:03] Prevents Nf3+. Hoping for Rxf7.} Qd1 {[%emt 0:00:45][%cal Od1d4] Threatens to win with ...Qxd4!} 35. Kg2 Nd3 (35... Bg6 $11 36. Qg3 Be4+ 37. f3 Bg6) 36. g5 (36. Qg3 $1 $16 Rf8 37. Bxd3 Qxd3 38. Rb7) 36... Ne1+ 37. Kg3 {[%emt 0:00:13] Chess con chili.} fxg5 $2 (37... Nc2 $11 38. Rxc2 Qxf1 39. gxf6 Qg1+ 40. Kf3 gxf6) 38. Qxg5 $18 Rf8 39. Be2 {[%emt 0:02:10] Dodges Nf3} Qa1 40. Kh2 (40. Bh5 $142 {White threatens Bxf7+ and mate.} g6 41. Bg4) 40... h6 $2 (40... Qb2 41. Kg3 Qa1) 41. Qg1 $2 (41. Qe7) 41... b5 42. Nxb5 (42. f4 $142) 42... Bg6 $16 43. Nd4 Rf7 44. Rxf7 Kxf7 (44... Bxf7 $14 45. Qg3 Qb2) 45. Qg4 $18 {[%emt 0:01:03] Strongly threatening Qe6+.} Qb1 46. Qe6+ Kf8 47. Qxd5 $2 (47. Qd6+ Kg8 48. Ne6 (48. Qxd5+ Bf7 $16)) 47... Qe4 48. Qd8+ (48. Ne6+ $18 {and the rest is easy.} Ke7 49. Qxe4 Bxe4 50. Nxg7) 48... Be8 $16 49. Qd6+ Kg8 50. Bc4+ $1 Bf7 51. Bxf7+ Kxf7 {[%emt 0:00:05][%csl Ge1][%cal Re4g2][%mdl 4096] Endgame. KQN-KQN} 52. Qd7+ Kg8 53. Qe6+ Qxe6 54. Nxe6 $14 {[%emt 0:00:03] KN-KN} Kf7 55. Nd4 Kf6 56. Kg3 Nd3 57. f3 Ne5 58. f4 Nc4 {[%emt 0:00:28] White stays focused until the end.} ({Better is} 58... Nd3 $1 $14) 59. e4 $18 g5 $2 (59... g6 60. e5+ Kf7) 60. e5+ Kg7 61. h4 $2 ({Only move:} 61. Kf3 $18) 61... gxf4+ $2 (61... Kg6 $11) 62. Kxf4 {[%emt 0:00:01] Nf5+ is the strong threat.} Kg6 63. Nf5 {[%emt 0:00:56] aiming for e6.} Nb6 {[%emt 0:01:33] [#]} 64. Ng3 $2 (64. Ne3 $1 $18) 64... h5 $2 (64... Nd5+ $11 65. Kf3 Nc3) 65. Ke4 Nc4 66. Kd5 Ne3+ 67. Kd6 Nc4+ {[%emt 0:00:55] [#]} 68. Ke6 $1 Nb6 69. Ne2 Kg7 70. Nf4 Nc4 71. Nxh5+ Kf8 72. Nf6 Kg7 73. Nh5+ Kf8 $1 74. Nf4 Kg7 75. Kd5 Ne3+ 76. Ke6 Nc4 $1 77. h5 {[%emt 0:00:14] White mates.} Kf8 78. Kf6 Nb6 79. e6 Nc8 80. Ng6+ Kg8 81. Ne7+ {[%emt 0:00:04] Weighted Error Value: White=0.49/Black=0.45.  Loses game:     	---       	Black=3      Mistake:       	White=6     	Black=5      Inaccurate:     	White=3     	Black=3      OK:         	White=21    	Black=18     Best:        	White=5     	Black=8      Strong:       	White=1     	Black=2} 1-0